 Dungeon Crawl Stone Soup version 0.30.1-11-g7821555f0a (webtiles) character file.

Game seed: 11373511423219389422

1202 GimliDwarf the Grasshopper (level 8, -10/64 HPs)
             Began as a Gnoll Warper on Jan 4, 2024.
             Mangled by a two-headed ogre
             ... wielding a +0 giant club
              (19 damage)
             ... on level 6 of the Dungeon.
             The game lasted 00:13:56 (5984 turns).

GimliDwarf the Grasshopper (Gnoll Warper)           Turns: 5984, Time: 00:13:56

Health: -10/64     AC:  4    Str: 10    XL:     8   Next: 44%
Magic:  17/17      EV: 14    Int: 12    God:
Gold:   271        SH:  0    Dex: 15    Spells: 11/19 levels left

rFire   . . .        a - +1 falchion
rCold   . . .        (no shield)
rNeg    . . .        b - +0 leather armour
rPois   +            (no helmet)
rElec   .            (no cloak)
rCorr   .            (no gloves)
SInv    .            e - +0 pair of boots
Will    .....        (no amulet)
Stlth   ++           j - +4 ring of slaying
HPRegen 0.30/turn    q - ring of poison resistance
MPRegen 0.15/turn

%: no passive effects
@: no status effects
A: fangs 1, strong nose, distributed training
a: no special abilities


You were on level 6 of the Dungeon.
You visited 1 branch of the dungeon, and saw 6 of its levels.

You collected 271 gold pieces.

Inventory:

Hand Weapons
 a - a +1 falchion (weapon)
Missiles
 d - 2 boomerangs of dispersal
Armour
 b - a +0 leather armour (worn)
 e - a +0 pair of boots (worn)
Magical Staves
 k - a staff of earth
Jewellery
 j - a +4 ring of slaying (left hand)
 q - a ring of poison resistance (right hand)
Wands
 c - a wand of iceblast (3)
Scrolls
 i - 3 scrolls of teleportation
 n - 2 scrolls of fog
 o - a scroll of blinking
Potions
 g - a potion of mutation
 h - a potion of cancellation
 l - 2 potions of brilliance
 m - a potion of flight


   Skills:
 + Level 5.8 Fighting
 + Level 3.4 Short Blades
 + Level 5.8 Long Blades
 + Level 3.4 Axes
 + Level 3.4 Maces & Flails
 + Level 3.4 Polearms
 + Level 3.4 Staves
 + Level 3.4 Ranged Weapons
 + Level 4.3 Throwing
 + Level 4.3 Armour
 + Level 5.8 Dodging
 + Level 3.4 Stealth
 + Level 3.4 Shields
 + Level 3.4 Unarmed Combat
 + Level 6.1 Spellcasting
 + Level 2.8 Conjurations
 + Level 2.8 Hexes
 + Level 2.8 Summonings
 + Level 2.8 Necromancy
 + Level 6.2 Translocations
 + Level 2.8 Transmutations
 + Level 2.8 Fire Magic
 + Level 2.8 Ice Magic
 + Level 2.8 Air Magic
 + Level 2.8 Earth Magic
 + Level 2.8 Poison Magic
 + Level 3.7 Invocations
 + Level 3.4 Evocations


You had 11 spell levels left.
You knew the following spells:

 Your Spells              Type           Power      Damage    Failure   Level
a - Blink                 Tloc           36%        N/A       2%          2
b - Teleport Other        Tloc           18%        N/A       5%          3
c - Vhi's Electric Charg  Tloc/Air       28%        N/A       11%         3

Your spell library contained the following spells:

 Spells                   Type           Power      Damage    Failure   Level
 Lesser Beckoning         Tloc           36%        N/A       2%          2
 Manifold Assault         Tloc           18%        N/A       19%         4


Dungeon Overview and Level Annotations

Branches:
Dungeon (6/15)
 Temple: D:4-7

Altars:
Sif Muna
Xom

Shops:
D:1 (   D:3 *((=   D:5 :(

Annotations:
D:5 1 runed translucent door, Skitler's ghost, novice DEAE
D:6 Sigmund


Innate Abilities, Weirdness & Mutations

You have very sharp teeth.
Your uncanny sense of smell can sniff out nearby items.
Your experience applies equally to all skills.


Message History

Level annotation: Sigmund You hear the rapid hiss of a very distant avalanche of sand.
The two-headed ogre shouts in stereo!
There is a stone staircase leading up, spattered with blood here.
Throw: dart (poison)
Press: ? - help, Shift-Dir - straight line, f - two-headed ogre
Aim: a two-headed ogre, wielding a +0 giant club and a +0 giant spiked club (79% to hit)
You throw a poisoned dart.
The poisoned dart hits the two-headed ogre!
The two-headed ogre is poisoned.
The two-headed ogre attacks as you move away!
The two-headed ogre hits you with a +0 giant club!!
The two-headed ogre barely misses you.
The two-headed ogre attacks as you move away!
The two-headed ogre misses you. x2
Aiming: Iceblast
Press: ? - help, Shift-Dir - straight line, f/p - two-headed ogre
Aim: a two-headed ogre, wielding a +0 giant club and a +0 giant spiked club (lightly wounded, poisoned)
The mass of ice explodes!
The iceblast engulfs the two-headed ogre!
The two-headed ogre is moderately wounded.
The two-headed ogre looks more healthy.
The two-headed ogre barely misses you.
The two-headed ogre hits you with a +0 giant spiked club!!
The two-headed ogre attacks as you move away!
The two-headed ogre hits you with a +0 giant club.
The two-headed ogre hits you with a +0 giant spiked club!
* * * LOW HITPOINT WARNING * * *
You see here a poisoned dart.
You hear the rapid hiss of a very distant avalanche of sand.
There is a shaft here.
A vampire comes into view.
Found a shimmering blue altar of Sif Muna.
The vampire closely misses you. The vampire barely misses you.
The vampire attacks as you move away! The vampire closely misses you. x2
The vampire hits you. The vampire bites you!
* * * LOW HITPOINT WARNING * * *
The vampire draws strength from your injuries!
The two-headed ogre hits you with a +0 giant club!!
You die...

####..#####
#....##
####.####
#..^.#
#.#### #.#
#.#####
#.#...##
#..@V..#
#..#O#.#
#......#
#...####
#####


You could see a two-headed ogre and a vampire.

Vanquished Creatures
  A vampire mosquito (D:5)
  Duvessa (D:4)
  An ice beast (D:5)
  A bullfrog (D:6)
  3 scorpions
  Dowan (D:4)
  A vampire bat (D:4)
  3 hounds (D:4)
  An orc priest (D:4)
  An iguana (D:5)
  An orc wizard (D:4)
  6 sleepcaps
  6 adders
  2 gnolls (D:5)
  3 worms
  3 dart slugs
  3 fire bats (D:4)
  5 orcs
  2 spectral bats (D:4)
  3 bat skeletons (D:4)
  A bat zombie (D:4)
  5 endoplasms
  3 giant cockroaches
  6 goblins
  2 hobgoblins (D:1)
  2 jackals (D:5)
  6 kobolds
  2 quokkas
  4 ball pythons
  13 bats
  A bat simulacrum (D:4)
  5 frilled lizards
  7 rats
105 creatures vanquished.

Notes
Turn   | Place    | Note
-------+----------+-------------------------------------------
     0 | D:1      | GimliDwarf the Gnoll Warper began the quest for the Orb.
     0 | D:1      | Reached XP level 1. HP: 20/20 MP: 6/6
    66 | D:1      | Found Nimp's Weapon Shoppe.
   112 | D:1      | Reached XP level 2. HP: 26/26 MP: 7/7
   115 | D:1      | Learned a level 2 spell: Blink
   897 | D:2      | Reached skill level 5 in Spellcasting
   897 | D:2      | Reached XP level 3. HP: 20/31 MP: 7/9
  1225 | D:2      | Reached skill level 1 in Invocations
  1311 | D:2      | Found a faded altar of an unknown god.
  1553 | D:3      | Found Quguss Cosa's Antique Weapon Shoppe.
  1709 | D:3      | Learned a level 3 spell: Teleport Other
  1727 | D:3      | Reached skill level 1 in Short Blades
  1727 | D:3      | Reached skill level 1 in Axes
  1727 | D:3      | Reached skill level 1 in Maces & Flails
  1727 | D:3      | Reached skill level 1 in Polearms
  1727 | D:3      | Reached skill level 1 in Staves
  1727 | D:3      | Reached skill level 1 in Ranged Weapons
  1727 | D:3      | Reached skill level 1 in Stealth
  1727 | D:3      | Reached skill level 1 in Shields
  1727 | D:3      | Reached skill level 1 in Unarmed Combat
  1727 | D:3      | Reached skill level 1 in Evocations
  1737 | D:3      | Found Wohonoab's General Store.
  1778 | D:3      | Found Jyluokka's Antique Weapon Shop.
  1814 | D:3      | Found Xumnedyo's Jewellery Shoppe.
  1854 | D:3      | Reached XP level 4. HP: 25/38 MP: 11/11
  2292 | D:4      | Noticed a scorpion
  2311 | D:4      | Killed a scorpion
  2312 | D:4      | Reached skill level 1 in Conjurations
  2312 | D:4      | Reached skill level 1 in Hexes
  2312 | D:4      | Reached skill level 1 in Summonings
  2312 | D:4      | Reached skill level 1 in Necromancy
  2312 | D:4      | Reached skill level 1 in Transmutations
  2312 | D:4      | Reached skill level 1 in Fire Magic
  2312 | D:4      | Reached skill level 1 in Ice Magic
  2312 | D:4      | Reached skill level 1 in Air Magic
  2312 | D:4      | Reached skill level 1 in Earth Magic
  2312 | D:4      | Reached skill level 1 in Poison Magic
  2312 | D:4      | Reached XP level 5. HP: 4/43 MP: 4/12
  2715 | D:4      | Noticed Dowan
  2716 | D:4      | Noticed Duvessa
  2872 | D:4      | Reached XP level 6. HP: 38/50 MP: 13/13
  3177 | D:4      | Reached skill level 5 in Fighting
  3177 | D:4      | Reached skill level 5 in Long Blades
  3177 | D:4      | Reached skill level 5 in Dodging
  3369 | D:4      | Learned a level 3 spell: Vhi's Electric Charge
  3731 | D:4      | Reached XP level 7. HP: 44/56 MP: 8/15
  3869 | D:4      | Killed Duvessa
  3883 | D:4      | Killed Dowan
  4206 | D:5      | Entered Level 5 of the Dungeon
  4651 | D:5      | Found Wetov's Weapon Boutique.
  4812 | D:5      | Found a runed translucent door.
  4815 | D:5      | Noticed Skitler's ghost (novice DEAE)
  4887 | D:5      | Reached XP level 8. HP: 60/63 MP: 12/16
  5026 | D:5      | Found Petiodidd's Vocational Training.
  5238 | D:6      | Found a shimmering altar of Xom.
  5530 | D:6      | Noticed a two-headed ogre
  5705 | D:6      | Noticed Sigmund
  5975 | D:6      | Found a shimmering blue altar of Sif Muna.
  5975 | D:6      | Noticed a vampire
  5984 | D:6      | Mangled by a two-headed ogre

Illustrated notes

Levels and vault maps discovered:
D:1:      elethiomel_arrival_infinity_welcomes_careful_drivers,
          layout_loops_corners, serial_shops, shop
D:2:      layout_basic, chequers_ecumenical_altar_island, nicolae_titane
D:3:      layout_loops_cross, serial_shops, shop_statue,
          nicolae_shop_advertising_works [nicolae_subvault_shop_adworks], shop,
          nicolae_shop_just_a_little_nook
D:4:      layout_basic, goddamned_bats, uniq_duvessa
D:5:      layout_layer_cave, serial_shops, nicolae_shop_bloodbath_and_beyond,
          gammafunk_ghost_grave, nicolae_shop_vocational
D:6:      layout_rooms, nicolae_ossuary_entry_ruins, grunt_decor_arrowhead,
          hangedman_feature_mirror, uniq_sigmund

Skill      XL: |  1  2  3  4  5  6  7  8 |
---------------+-------------------------+-----
Spellcasting   | 5 6 |  6.1
Invocations    | 1 2 3 |  3.7
Short Blades   | 1 2 3 |  3.4
Axes           | 1 2 3 |  3.4
Maces & Flails | 1 2 3 |  3.4
Polearms       | 1 2 3 |  3.4
Staves         | 1 2 3 |  3.4
Ranged Weapons | 1 2 3 |  3.4
Stealth        | 1 2 3 |  3.4
Shields        | 1 2 3 |  3.4
Unarmed Combat | 1 2 3 |  3.4
Evocations     | 1 2 3 |  3.4
Conjurations   | 1 2 |  2.8
Hexes          | 1 2 |  2.8
Summonings     | 1 2 |  2.8
Necromancy     | 1 2 |  2.8
Transmutations | 1 2 |  2.8
Fire Magic     | 1 2 |  2.8
Ice Magic      | 1 2 |  2.8
Air Magic      | 1 2 |  2.8
Earth Magic    | 1 2 |  2.8
Poison Magic   | 1 2 |  2.8
Throwing       | 3 4 |  4.3
Armour         | 3 4 |  4.3
Fighting       | 5 |  5.8
Long Blades    | 5 |  5.8
Dodging        | 5 |  5.8
Translocations | 6 |  6.2

Action                     |  1- 3 |  4- 6 |  7- 9 || total
---------------------------+-------+-------+-------++-------
  Melee: Falchion          |   121 |   101 |   102 ||   324
         Bite              |     9 |    13 |    23 ||    45
         Punch             |     1 |     4 |     4 ||     9
  Throw: Boomerang         |       |     5 |       ||     5
         Dart              |       |       |    10 ||    10
   Cast: Teleport Other    |       |     2 |     1 ||     3
         Vhi's Electric Ch |       |     2 |     5 ||     7
  Evoke: Wand              |       |       |     3 ||     3
    Use: Scroll            |     6 |     5 |     2 ||    13
         Potion            |       |     2 |       ||     2
   Stab: Sleeping          |     2 |     1 |     1 ||     4
         Distracted        |       |       |     1 ||     1
 Armour: Leather armour    |    32 |    39 |    24 ||    95
  Dodge: Dodged            |    62 |   107 |   106 ||   275
